 Dungeon Crawl Stone Soup version 0.31.0-12-g77e489cdc1 (webtiles) character file.

Game seed: 9154854582546830282

108 Peloso the Covered (level 4, -4/40 HPs)
             Began as a Minotaur Fighter on Feb 11, 2024.
             Killed from afar by an orc (18 damage)
             ... with a bolt of dispelling energy
             ... on level 3 of the Dungeon.
             The game lasted 00:03:12 (1609 turns).

Peloso the Covered (Minotaur Fighter)               Turns: 1609, Time: 00:03:12

Health: -4/40      AC:  9    Str: 21    XL:     4   Next: 58%
Magic:  3/3        EV:  9    Int:  5    God:
Gold:   127        SH:  5    Dex: 14    Spells: 3/3 levels left

rFire   . . .        a - +0 long sword
rCold   . . .        d - +0 buckler
rNeg    . . .        b - +0 scale mail
rPois   .            (helmet restricted)
rElec   .            (no cloak)
rCorr   .            c - +1 pair of gloves {Dex+3}
SInv    .            (no boots)
Will    .....        (no amulet) Stlth
                     (no ring)
HPRegen 0.26/turn    (no ring)
MPRegen 0.08/turn

%: no passive effects
@: no status effects
A: horns 2, retaliatory headbutt
a: no special abilities


You were on level 3 of the Dungeon.
You visited 1 branch of the dungeon, and saw 3 of its levels.

You collected 127 gold pieces.

Inventory:

Hand Weapons
 a - a +0 long sword (weapon)
Armour
 b - a +0 scale mail (worn)
 c - a +1 pair of gloves of dexterity (worn)
 d - a +0 buckler (worn)
Talismans
 k - a serpent talisman
Scrolls
 e - a scroll of revelation {unknown}
 f - a scroll of fog
 h - a scroll of blinking {unknown}
 j - a scroll of identify
 l - 5 scrolls of teleportation
 m - a scroll of amnesia {unknown}
Potions
 g - a potion of mutation
 i - 3 potions of might
 n - a potion of haste {unknown}
 o - a potion of resistance {unknown}
 p - a potion of curing {unknown}
 q - a potion of heal wounds {unknown}


   Skills:
 + Level 3.9 Fighting
 + Level 3.8 Long Blades
 + Level 4.6 Armour
 + Level 1.0 Dodging
 + Level 4.4 Shields


You had 3 spell levels left.
You didn't know any spells.
Your spell library contained the following spells:

 Spells                   Type           Power      Damage    Failure   Level
 Magic Dart               Conj           0%         1d3       86%         1
 Blink                    Tloc           0%         N/A       95%         2
 Call Imp                 Summ           0%         N/A       95%         2


Dungeon Overview and Level Annotations

Branches:
Dungeon (3/15)

Altars:


Innate Abilities, Weirdness & Mutations

You have a pair of horns on your head.
You reflexively headbutt those who attack you in melee.


Message History

You hit the orc wizard.
The orc wizard is moderately wounded.
The orc wizard hits you but does no damage.
You slash the orc wizard! Your headbutt misses the orc wizard.
The orc wizard is almost dead.
The orc wizard hits you but does no damage.
The orc wizard gestures wildly while chanting.
The orc wizard flickers and vanishes!
Deactivating autopickup; reactivate with Ctrl-A.
You closely miss something. Something hits you but does no damage.
You closely miss something. Something hits you but does no damage.
You hit something.
Reactivating autopickup.
You feel a bit more experienced.
The frilled lizard bites you but does no damage.
Your Dodging skill increases to level 1!
You miss the frilled lizard.
The frilled lizard completely misses you.
You barely miss the frilled lizard. The frilled lizard closely misses you.
You furiously retaliate!
You headbutt the frilled lizard. You slash the frilled lizard!
You kill the frilled lizard!
The orc hits you but does no damage.
You closely miss the orc. The orc hits you but does no damage.
The orc barely misses you.
You hit the orc.
The orc is heavily wounded.
The orc hits you but does no damage.
You slash the orc!
You kill the orc!
The orc zaps a wand.
The bolt of dispelling energy hits the orc!!
The orc dies!
The bolt of dispelling energy hits you!
* * * LOW HITPOINT WARNING * * *
The kobold throws a poisoned dart.
The poisoned dart closely misses you.
Okay, then.
The orc zaps a wand.
The bolt of dispelling energy hits you!!
You die...

.?......l..........
.......o.$.........
#..#..#####$######
.#..##.#####.#
#....~~.~~##K.#
#.#.~~~~≈≈≈..o########
..≈≈≈≈~~≈≈≈≈≈........#
#~≈≈≈≈≈~~≈≈≈#~..####.#
.~≈≈≈≈≈~~≈≈≈≈~.#@..#.#
~~≈#≈#≈≈~≈≈≈≈#~#.#.#.#
≈≈≈~≈~~~)≈#≈~≈≈~.#.#.#
~~~.~~.8÷#~..~~~<#.#.#
≈≈....8<.....~#..#...#..
≈~.[.~...~~~.~~~##......
≈~~≈≈#~~≈≈#.≈≈≈~.......#
~~≈≈≈≈~≈≈≈~#~~~#.#.....
.≈≈≈≈≈~~≈≈≈≈≈≈.#.# ....


You could see an orc and a kobold.

Vanquished Creatures
  An orc wizard (D:3)
  An adder (D:2)
  A ribbon worm (D:2)
  9 dart slugs (D:3)
  2 orcs (D:3)
  4 bats
  2 endoplasms
  2 giant cockroaches
  6 goblins
  5 hobgoblins
  A quokka (D:1)
  5 ball pythons
  7 frilled lizards
  6 kobolds (D:1)
  3 rats
55 creatures vanquished.

Vanquished Creatures (others)
  An orc (D:3)
1 creature vanquished.

Grand Total: 56 creatures vanquished

Notes
Turn   | Place    | Note
-------+----------+-------------------------------------------
     0 | D:1      | Peloso the Minotaur Fighter began the quest for the Orb.
     0 | D:1      | Reached XP level 1. HP: 19/19 MP: 0/0
    43 | D:1      | Found a faded altar of an unknown god.
   136 | D:1      | Reached XP level 2. HP: 22/27 MP: 1/1
   885 | D:2      | Reached XP level 3. HP: 33/33 MP: 2/2
  1386 | D:3      | Reached XP level 4. HP: 38/40 MP: 3/3
  1599 | D:3      | Reached skill level 1 in Dodging
  1609 | D:3      | Killed from afar by an orc

Illustrated notes

Levels and vault maps discovered:
D:1:      wander_arrival_lonely_grave, layout_loops_ring,
          shapermc_ecumenical_altar_gd
D:2:      layout_rooms
D:3:      kennysheep_slugbush, layout_basic, lemuel_blue_sif_altar,
          hangedman_decor_slide_cut, minmay_gold_behind_fungi

Skill      XL: |  1  2  3  4 |
---------------+-------------+-----
Shields        | 4 |  4.4
Armour         | 4 |  4.6
Long Blades    | 3 |  3.8
Dodging        | 1 |  1.0
Fighting       | |  3.9

Action                     |  1- 3 |  4- 6 || total
---------------------------+-------+-------++-------
  Melee: Long sword        |   105 |    22 ||   127
         Headbutt          |    21 |       ||    21
    Use: Scroll            |     3 |       ||     3
 Armour: Scale mail        |    94 |    33 ||   127
  Dodge: Dodged            |    56 |    16 ||    72
  Block: Buckler           |    30 |     4 ||    34
